 Dungeon Crawl Stone Soup version 0.29-a0-319-gad05b8d819 (webtiles) character file.

Game seed: 12652012624622618780

512 EnegeticOcto the Firebug (level 7, 0/60 HPs)
             Began as a Mayflytaur Fire Elementalist on Apr 1, 2022.
             Was a Follower of Jiyva.
             Slain by an ice beast (11 damage)
             ... on level 6 of the Dungeon.
             The game lasted 00:07:50 (1191 turns).

EnegeticOcto the Firebug (MyFE)                     Turns: 1191, Time: 00:07:50

Health: 0/60       AC:  2    Str:  9    XL:     7   Next: 19%
Magic:  1/13       EV: 12    Int: 20    God:    Jiyva [*.....]
Gold:   198        SH:  0    Dex: 14    Spells: 5/12 levels left

rFire   . . .      SeeInvis .   i - +0 quarterstaff
rCold   . . .      Faith    .   (shield currently unavailable)
rNeg    . . .      Spirit   .   a - +0 robe
rPois   .          Reflect  .   (no helmet)
rElec   .          Harm     .   (no cloak)
rCorr   .          Rampage  .   (no gloves)
Will    .....                   (no boots)
Stlth   ++........              (no amulet)
HPRegen 1.00/turn               (no ring)
MPRegen 0.51/turn               (no ring)

@: flying, very slightly contaminated
A: damage resistance, big wings, sense surroundings 1, magic regeneration, short
lifespan
a: Renounce Religion


You were on level 6 of the Dungeon.
You worshipped Jiyva.
Jiyva was aware of your devotion.
You visited 2 branches of the dungeon, and saw 7 of its levels.

You collected 198 gold pieces.

Inventory:

Hand Weapons
 i - a +0 quarterstaff (weapon)
   (You found it on level 3 of the Dungeon)
Missiles
 g - 6 poisoned darts
 l - 5 datura-tipped darts
Armour
 a - a +0 robe (worn)
Scrolls
 c - a scroll of teleportation {@r3 !r}
 h - a scroll of amnesia {unknown}
 j - a scroll of immolation {unknown}
 o - a scroll of blinking {unknown}
Potions
 b - a potion of magic
 d - a potion of berserk rage
 e - a potion of lignification {unknown}
 f - a potion of curing {@q1 !q}
 k - a potion of resistance
 m - a potion of attraction {unknown}
 n - a potion of flight {unknown}


   Skills:
 - Level 2.0 Fighting
 - Level 2.1 Dodging
 - Level 2.4 Stealth
 + Level 3.4 Spellcasting
 + Level 4.2 Conjurations
 - Level 7.0 Fire Magic


You had 5 spell levels left.
You knew the following spells:

 Your Spells              Type           Power      Damage    Failure   Level
a - Scorch                Fire           62%        2d8       1%          2
b - Foxfire               Conj/Fire      100%       2x1d9     1%          1
c - Flame Wave            Conj/Fire      25%        2d7       14%         4

Your spell library contained the following spells:

 Spells                   Type           Power      Damage    Failure   Level
 Conjure Flame            Conj/Fire      25%        6-21      4%          3
 Inner Flame              Hex/Fire       17%        N/A       10%         3


Dungeon Overview and Level Annotations

Branches:
Dungeon (6/15)             Temple (1/1) D:5

Altars:
Ashenzari
Cheibriados
Fedhas
Nemelex Xobeh
Okawaru
Ru
Vehumet
The Shining One
Jiyva

Shops:
D:2 =

Annotations:
D:3 Robin


Innate Abilities, Weirdness & Mutations

You are resistant to damage.
Your large and strong wings let you fly.
You passively map a small area around you.
You regenerate magic rapidly.
You are easily found by Zot.


Message History

The orc priest looks satisfied for a moment.
The orc wizard reads a scroll.
Wisps of shadow swirl around the orc wizard.
The orc hits you but does no damage.
Casting: Scorch (safe; 1% risk of failure)
Confirm with . or Enter, or press ? or * to list all spells.
Casting: Flame Wave (dangerous; 14% risk of failure)
Press: ? - help, Dir - look around, f - activate A wave of flame ripples out!
The flame wave engulfs the sky beast!
The sky beast is moderately wounded.
The flame wave engulfs the orc!
You kill the orc!
The flame wave engulfs the bullfrog!
The bullfrog is heavily wounded. (Press . to intensify the flame waves.)
You hear a shout!
You hear an angry hiss.
You hear a shout! x2
You hear a bark!
You hear a shout! x2
The bullfrog closely misses you.
The bullfrog hits you but does no damage.
The sky beast hits you. The sky beast shocks you.
A wave of flame ripples out!
The flame wave engulfs the sky beast.
The sky beast is heavily wounded.
The flame wave engulfs the bullfrog.
The bullfrog is severely wounded.
The flame wave engulfs the orc wizard.
The orc wizard is heavily wounded.
You hear a bark!
The bullfrog hits you. The sky beast misses you.
The orc priest mumbles some strange prayers to Beogh against you.
Beogh smites you!
A wave of flame ripples out!
The flame wave engulfs the sky beast!
The sky beast is almost dead.
The flame wave engulfs the orc wizard!
You kill the orc wizard!
The sky beast dissolves into shadows!
The bullfrog dissolves into shadows!
The flame wave engulfs the orc priest!
The orc priest is almost dead.
You finish channelling waves of flame.
Casting: Flame Wave (dangerous; 14% risk of failure)
Confirm with . or Enter, or press ? or * to list all spells.
You conjure some foxfire!
A hound comes into view.
A bullfrog comes into view.
The orc priest calls down the wrath of Beogh upon you.
Pain shoots through your body!
Casting: Foxfire (safe; 1% risk of failure)
Confirm with . or Enter, or press ? or * to list all spells.
Flames lash the orc priest.
You kill the orc priest!
The foxfire hits the gnoll sergeant but does no damage.
The foxfire hits the gnoll sergeant.
The gnoll sergeant is lightly wounded.
Casting: Scorch (safe; 1% risk of failure)
Confirm with . or Enter, or press ? or * to list all spells.
Casting: Flame Wave (dangerous; 14% risk of failure)
Press: ? - help, Dir - look around, f - activate You miscast Flame Wave.
You are very lightly contaminated with residual magic.
Nothing appears to happen.
The bullfrog closely misses you. The hound misses you.
An ice beast comes into view. 2 gnolls come into view.
A gnoll is wielding a +0 flail of protection.
Found a scroll of teleportation.
The gnoll shouts!
The hound closely misses you. The bullfrog barely misses you.
An adder comes into view.
Items here: )) [[.
The bullfrog attacks as you move away! The bullfrog hits you.
The hound barely misses you. The hound bites you.
A gnoll comes into view. It is wielding a +0 whip of draining.
The bullfrog hits you. The hound attacks as you move away!
The hound closely misses you. The hound bites you. The ice beast hits you.
The ice beast freezes you!
Casting: Flame Wave (dangerous; 14% risk of failure)
Confirm with . or Enter, or press ? or * to list all spells.
Casting: Flame Wave (dangerous; 14% risk of failure)
Press: ? - help, Dir - look around, f - activate A wave of flame ripples out!
The flame wave engulfs the hound!
The hound is heavily wounded.
The flame wave engulfs the ice beast!
The ice beast melts!
The ice beast is heavily wounded. (Press . to intensify the flame waves.)
You hear a shout!
You hear an angry hiss.
The hound barely misses you.
A gnoll comes into view. It is wielding a +0 club.
The ice beast closely misses you.
A wave of flame ripples out!
The flame wave engulfs the hound!
You kill the hound!
The flame wave engulfs the ice beast!
The ice beast melts!
The ice beast is almost dead.
The flame wave engulfs the bullfrog!
The bullfrog is heavily wounded.
The flame wave engulfs the gnoll sergeant.
The gnoll sergeant is moderately wounded.
The bullfrog hits you!
* * * LOW HITPOINT WARNING * * *
The gnoll sergeant hits you from afar with a +2 vorpal trident!
* * * LOW HITPOINT WARNING * * *
The ice beast hits you. The ice beast freezes you!
You die...

.##.......... ,,
.....<##.... , **.#*...
, ..........[# ##
#.##...,
#..YY..#.......###.....
#..##### .##.....#...#
,,, * .....# , #
*#.#....# , )..#.# * *
.....# *
.....###.########Y..# **
..YY.....##.....@F..##
**,
#.......##.....###g).###
#.............,
#.)..<#** Y............
, *#..##g..# * * *
............ , ##.?.##.#
........... * #.#g
...,** ........## , ,*
#.##. ##.. ...?..... ,
#.# g., * .. , #.. ,.. g
,


You could see an ice beast, a gnoll sergeant, a bullfrog and a gnoll.

Vanquished Creatures
  A yak (D:5)
  A black bear (D:5)
  A scorpion (D:6)
  2 hounds
  An orc priest (D:6)
  Jessica (D:3)
  An iguana (D:5)
  An orc wizard (D:6)
  4 adders
  An ufetubus (D:5)
  A worm (D:3)
  A dart slug (D:3)
  6 orcs
  3 endoplasms
  2 giant cockroaches
  4 goblins (D:3)
  3 hobgoblins (D:3)
  4 kobolds
  5 quokkas
  A ball python (D:1)
  A bat (D:2)
  4 frilled lizards
  3 rats
52 creatures vanquished.

Vanquished Creatures (others)
  137 foxfires
137 creatures vanquished.

Grand Total: 189 creatures vanquished

Notes
Turn   | Place    | Note
-------+----------+-------------------------------------------
     0 | D:1      | EnegeticOcto the Mayflytaur Fire Elementalist began the
                  | quest for the Orb.
     0 | D:1      | Reached XP level 1. HP: 15/15 MP: 5/5
   163 | D:3      | Reached skill level 2 in Conjurations
   175 | D:3      | Reached XP level 2. HP: 22/22 MP: 2/6
   284 | D:3      | Reached skill level 3 in Conjurations
   347 | D:3      | Noticed Jessica
   349 | D:3      | Noticed Robin
   350 | D:3      | Reached XP level 3. HP: 28/28 MP: 5/8
   353 | D:3      | Killed Jessica
   354 | D:3      | Reached skill level 4 in Conjurations
   357 | D:2      | Found Kycaezic's Jewellery Shoppe.
   371 | D:2      | Reached XP level 4. HP: 14/36 MP: 0/9
   374 | D:2      | Learned a level 2 spell: Scorch
   379 | D:2      | Learned a level 4 spell: Flame Wave
   405 | D:1      | Reached skill level 3 in Spellcasting
   816 | D:4      | Reached skill level 4 in Fire Magic
   842 | D:5      | Entered Level 5 of the Dungeon
   843 | D:5      | Found a staircase to the Ecumenical Temple.
   853 | Temple   | Entered the Ecumenical Temple
   875 | Temple   | Became a worshipper of Jiyva Jasonuqa the Shapeless
   922 | D:5      | Reached XP level 5. HP: 42/42 MP: 5/10
   988 | D:6      | Reached skill level 1 in Fighting
   988 | D:6      | Reached skill level 5 in Fire Magic
   992 | D:6      | Noticed a yak
   993 | D:6      | Noticed a yak
   994 | D:6      | Noticed a yak
   994 | D:6      | Noticed a yak
   994 | D:6      | Noticed a black bear
  1012 | D:5      | Killed a black bear
  1013 | D:5      | Reached skill level 2 in Fighting
  1013 | D:5      | Gained mutation: You regenerate magic rapidly. [Mayflytaur
                  | growth]
  1013 | D:5      | Reached XP level 6. HP: 40/52 MP: 0/11
  1072 | D:6      | Noticed a yak
  1092 | D:5      | Killed a yak
  1093 | D:5      | Reached skill level 6 in Fire Magic
  1116 | D:5      | Found a blossoming altar of Fedhas.
  1142 | D:5      | Reached * piety under Jiyva
  1167 | D:5      | Reached skill level 7 in Fire Magic
  1167 | D:5      | Reached XP level 7. HP: 57/60 MP: 9/12
  1191 | D:6      | Slain by an ice beast

Illustrated notes

Levels and vault maps discovered:
D:1:      eino_arrival_water_star, layout_basic
D:2:      layout_loops_ring, serial_shops, nicolae_lakefront_shop,
          nicolae_shop_temple_entry_statues_fountains
D:3:      minmay_razor_zed, layout_basic, serial_curves, eino_curves_02,
          eino_curves_01, shapermc_ecumenical_altar_ellora, uniq_jessica,
          uniq_robin
D:4:      layout_basic, nicolae_overflow_hidden_temple
D:5:      wad_lake_hut, layout_loops_cross, mainiacjoe_overflow_chevrons,
          minmay_temple_entry_statues_fountains
D:6:      layout_rooms, minmay_bent
Temple:   pf_slime_end_temple

Skill      XL: |  1  2  3  4  5  6 |
---------------+-------------------+-----
Conjurations   | 2 3 4 |  4.2
Spellcasting   | 3 |  3.4
Fire Magic     | 4 5 7 |  7.0
Fighting       | 2 |  2.0
Dodging        | |  2.1
Stealth        | |  2.4

Action                   |  1- 3 |  4- 6 |  7- 9 || total
-------------------------+-------+-------+-------++-------
Melee: Unarmed           |    26 |       |       ||    26
       Punch             |     1 |       |       ||     1
       Quarterstaff      |    10 |    36 |       ||    46
 Cast: Foxfire           |    31 |    46 |     1 ||    78
       Scorch            |       |     6 |     1 ||     7
       Flame Wave        |       |       |     2 ||     2
  Use: Scroll            |       |     4 |       ||     4
 Stab: Sleeping          |       |     2 |       ||     2
Armor: Robe              |     7 |     9 |     2 ||    18
Dodge: Dodged            |    38 |    42 |    10 ||    90

Table legend: (Time is in decaauts)
 A = Elapsed time spent in this place.
 B = Non-inter-level travel time spent in this place.
 C = Inter-level travel time spent in this place.
 D = Time resting spent in this place.
 E = Time spent auto-exploring this place.
 F = Levels seen in this place.
 G = Mean time per level.
                   A        B        C        D        E       F      G
               +--------+--------+--------+--------+--------+-----+--------+
         Total |   1208 |   1180 |     28 |      0 |      0 |   7 |  172.6 |
       Dungeon |   1168 |   1140 |     28 |      0 |      0 |   6 |  194.7 |
        Temple |     39 |     39 |      0 |      0 |      0 |   1 |   39.0 |
               +--------+--------+--------+--------+--------+-----+--------+

Top non-repeatable levels by time:
     D:3: 370 daAuts
     D:5: 246 daAuts
     D:4: 185 daAuts
     D:2: 166 daAuts
     D:1: 133 daAuts
     D:6: 66 daAuts
  Temple: 39 daAuts
